 Dungeon Crawl Stone Soup version 0.30-a0-1116-gebefce21f7 (webtiles) character file.

Game seed: 6177238813676321930

478 cheesebisquit the Firebug (level 7, -5/36 HPs)
             Began as a Gargoyle Fire Elementalist on Apr 21, 2023.
             Slain by an ogre
             ... wielding a +0 giant club
              (30 damage)
             ... on level 5 of the Dungeon.
             The game lasted 00:12:43 (4881 turns).

cheesebisquit the Firebug (GrFE)                    Turns: 4881, Time: 00:12:43

Health: -5/36      AC:  8    Str: 12    XL:     7   Next: 11%
Magic:  7/10       EV: 12    Int: 17    God:
Gold:   297        SH:  0    Dex: 10    Spells: 4/10 levels left

rFire   . . .      SeeInvis .    c - +1 short sword (speed)
rCold   . . .      Faith    .    (no shield)
rNeg    + . .      Spirit   .    a - +0 robe
rPois   ∞          Reflect  .    (no helmet)
rElec   +          Rampage  .    (no cloak)
rCorr   .                        (no gloves)
Will    .....                    q - +1 pair of boots
Stlth   ++                       (no amulet)
HPRegen 0.26/turn                (no ring)
MPRegen 0.12/turn                (no ring)

@: no status effects
A: sickness immunity, AC +4, negative energy resistance 1, electricity
resistance, torment resistance 1, petrification resistance
a: no special abilities


You were on level 5 of the Dungeon.
You visited 1 branch of the dungeon, and saw 5 of its levels.

You collected 297 gold pieces.

Inventory:

Hand Weapons
 c - a +1 short sword of speed (weapon)
Missiles
 o - 11 poisoned darts
Armour
 a - a +0 robe (worn)
 i - a +0 leather armour of poison resistance
 q - a +1 pair of boots (worn)
Scrolls
 d - a scroll of amnesia {unknown}
 f - 3 scrolls of teleportation
 j - a scroll of poison
 k - a scroll of silence
 l - a scroll of butterflies {unknown}
 m - 4 scrolls of blinking
 p - a scroll of fog {unknown}
Potions
 b - a potion of resistance
 e - 3 potions of flight
 h - 5 potions of curing
 n - a potion of heal wounds {unknown}
 r - a potion of ambrosia {unknown}


   Skills:
 - Level 1.7 Dodging
 - Level 2.3 Stealth
 - Level 2.1 Spellcasting
 - Level 1.3 Conjurations
 + Level 7.7 Fire Magic


You had 4 spell levels left.
You knew the following spells:

 Your Spells              Type           Power      Damage    Failure   Level
a - Foxfire               Conj/Fire      68%        2x1d7     3%          1
b - Inner Flame           Hex/Fire       14%        N/A       12%         3
z - Scorch                Fire           54%        2d7       1%          2

Your spell library contained the following spells:

 Spells                   Type           Power      Damage    Failure   Level
 Volatile Blastmotes      Fire/Tloc      28%        2d12      12%         3
 Kiss of Death            Conj/Necr      16%        2d6       14%         1
 Necrotise                Necr           4%         1d4       19%         1
 Flame Wave               Conj/Fire      17%        2d7       30%         4
 Vampiric Draining        Necr           1%         2d6       50%         3
 Leda's Liquefaction      Hex/Erth       0%         N/A       88%         4
 Agony                    Necr           1%         N/A       99%         5


Dungeon Overview and Level Annotations

Branches:
Dungeon (5/15)
 Temple: D:4-7

Altars:
Ashenzari
Fedhas
Hepliaklqana
Makhleb
Ru
Uskayaw
Wu Jian
Yredelemnul

Shops:
D:1 [


Innate Abilities, Weirdness & Mutations

You are immune to sickness and miasma.
Your stone body is resilient. (AC +4)
You are immune to poison.
You resist negative energy. (rN+)
You are resistant to electric shocks. (rElec)
You are resistant to unholy torment.
You are immune to petrification.


Message History

The adder is almost dead.
The foxfire hits the jelly.
The jelly is moderately wounded.
The adder bites you.
You conjure some foxfire!
The adder barely misses you.
Casting: Foxfire (safe; 3% risk of failure)
Confirm with . or Enter, or press ? or * to list all spells.
Flames lash the jelly.
The jelly is severely wounded.
The jelly's fire resistance burns away.
The foxfire hits the jelly.
The jelly is burned terribly!
You kill the jelly!
The foxfire hits the adder.
The adder is burned terribly!
You kill the adder!
HP restored.
You hear the slow rusting of a very distant drain.
You now have 297 gold pieces (gained 14).
You open the door.
There is an open door here.
You hear the rusting of a very distant drain.
You hear the rusting of a very distant drain.
Found a robe.
You hear the brisk rusting of a distant drain.
An ogre comes into view. It is wielding a +0 giant club.
Found a hand axe.
You hit the ogre.
The ogre is lightly wounded.
You conjure some foxfire!
The ogre hits you with a +0 giant club!
Casting: Foxfire (safe; 3% risk of failure)
Confirm with . or Enter, or press ? or * to list all spells.
Flames lash the ogre.
The ogre is moderately wounded.
The ogre's fire resistance burns away.
The foxfire hits the ogre but does no damage.
The ogre is moderately wounded.
The foxfire hits the ogre.
The ogre is burned terribly!
The ogre is heavily wounded.
The ogre hits you with a +0 giant club!!
Ouch! That really hurt!
You die...

#.# #. #.# ..
######.# #.
#......# # #.
#.###### #.. #) #.#
#.^.##. #.#
#......##########.#
#....O@..........#
#.###.############
... ####


You could see an ogre (combustible).

Vanquished Creatures
  An ogre (D:4)
  2 scorpions
  A jelly (D:5)
  A hound (D:4)
  An iguana (D:4)
  11 adders
  A worm (D:2)
  A dart slug (D:2)
  4 orcs (D:3)
  6 endoplasms
  4 giant cockroaches
  14 goblins
  11 hobgoblins
  5 kobolds
  5 quokkas
  5 ball pythons
  2 bats (D:3)
  3 frilled lizards
  4 rats
82 creatures vanquished.

Vanquished Creatures (collateral kills)
  A foxfire (D:4)
1 creature vanquished.

Vanquished Creatures (others)
  202 foxfires
202 creatures vanquished.

Grand Total: 285 creatures vanquished

Notes
Turn   | Place    | Note
-------+----------+-------------------------------------------
     0 | D:1      | cheesebisquit the Gargoyle Fire Elementalist began the
                  | quest for the Orb.
     0 | D:1      | Reached XP level 1. HP: 10/10 MP: 3/3
   204 | D:1      | Found a faded altar of an unknown god.
   281 | D:1      | Found Quntuym's Antique Armour Shop.
   381 | D:1      | Reached XP level 2. HP: 15/15 MP: 0/5
   846 | D:2      | Reached XP level 3. HP: 19/19 MP: 1/6
   940 | D:2      | Learned a level 2 spell: Scorch
   958 | D:2      | Got the Omnibus of Coruscating Ill Luck
   980 | D:2      | Reached skill level 4 in Fire Magic
  1395 | D:2      | Reached XP level 4. HP: 22/24 MP: 3/7
  2162 | D:3      | Reached skill level 5 in Fire Magic
  2244 | D:3      | Found a broken altar of Ashenzari.
  2277 | D:3      | Found a basalt altar of Yredelemnul.
  2581 | D:3      | Found a sacrificial altar of Ru.
  2594 | D:3      | Reached XP level 5. HP: 28/28 MP: 4/8
  2704 | D:3      | Found a blossoming altar of Fedhas.
  2720 | D:3      | Found a burning altar of Makhleb.
  3201 | D:4      | Reached skill level 6 in Fire Magic
  3289 | D:4      | Learned a level 3 spell: Inner Flame
  3310 | D:4      | Reached XP level 6. HP: 32/32 MP: 3/9
  3409 | D:4      | Noticed a +0 spear
  3410 | D:4      | Noticed a +0 dagger
  3411 | D:4      | Noticed a +0 dagger
  3411 | D:4      | Noticed a +0 short sword
  3412 | D:4      | Noticed a +0 falchion
  3412 | D:4      | Noticed a +0 short sword
  3412 | D:4      | Noticed a +0 falchion
  3412 | D:4      | Noticed a +0 spear
  3415 | D:4      | Found a hide-covered altar of Uskayaw.
  3502 | D:4      | Reached skill level 7 in Fire Magic
  3590 | D:4      | Found a hazy altar of Hepliaklqana.
  4215 | D:4      | Found an ornate altar of the Wu Jian Council.
  4453 | D:5      | Entered Level 5 of the Dungeon
  4583 | D:5      | Reached XP level 7. HP: 36/36 MP: 3/10
  4881 | D:5      | Slain by an ogre

Illustrated notes

Levels and vault maps discovered:
D:1:      lemuel_arrival_funnel, layout_rooms,
          dreamdust_ecumenical_altar_angels_and_demons, serial_shops,
          nicolae_diamond_shop
D:2:      cheibrodos_greedy_goblins, layout_loops_cross, minmay_tall_x
D:3:      layout_basic, fedhas_altar_1, mainiacjoe_overflow_six_doors_small,
          mainiacjoe_overflow_catwalk, bloody_makhleb,
          mainiacjoe_overflow_surrounded_room, minmay_misc_feat_nine_boxes
D:4:      layout_loops_ring, mainiacjoe_overflow_cross_hatched,
          nicolae_uskayaw_en_pointe, nicolae_wu_jian_immortal_techniques,
          dreamdust_princess_corridor, serial_park_tiny_1
D:5:      layout_loops_corners, cheibrodos_sewer_entry_drain

Skill      XL: |  1  2  3  4  5  6 |
---------------+-------------------+-----
Fire Magic     | 4 5 6 7 |  7.7
Dodging        | |  1.7
Stealth        | |  2.3
Spellcasting   | |  2.1
Conjurations   | |  1.3

Action                     |  1- 3 |  4- 6 |  7- 9 || total
---------------------------+-------+-------+-------++-------
  Melee: Short sword       |    17 |    32 |     1 ||    50
  Throw: Dart              |       |     2 |       ||     2
         Throwing net      |       |     1 |       ||     1
   Cast: Foxfire           |    55 |    62 |     3 ||   120
         Scorch            |     3 |    30 |     3 ||    36
    Use: Potion            |       |     1 |       ||     1
         Scroll            |       |     7 |       ||     7
   Stab: Held in net/web   |       |     1 |       ||     1
 Armour: Robe              |     5 |    19 |       ||    24
  Dodge: Dodged            |     7 |    19 |     1 ||    27

Table legend: (Time is in decaauts)
 A = Elapsed time spent in this place.
 B = Non-inter-level travel time spent in this place.
 C = Inter-level travel time spent in this place.
 D = Time resting spent in this place.
 E = Time spent auto-exploring this place.
 F = Levels seen in this place.
 G = Mean time per level.
                   A        B        C        D        E       F      G
               +--------+--------+--------+--------+--------+-----+--------+
         Total |   4863 |   4713 |    150 |     30 |   4193 |   5 |  972.6 |
       Dungeon |   4863 |   4713 |    150 |     30 |   4193 |   5 |  972.6 |
               +--------+--------+--------+--------+--------+-----+--------+

Top non-repeatable levels by time:
     D:2: 1318 daAuts
     D:4: 1265 daAuts
     D:3: 1047 daAuts
     D:1: 803 daAuts
     D:5: 427 daAuts
